 Dungeon Crawl Stone Soup version 0.31-a0-876-gfe8ebadbca (webtiles) character file.

Game seed: 14127478866205914248

486 LeprechaunX the Changeling (level 7, -13/46 HPs)
             Began as an Octopode Shapeshifter on Oct 14, 2023.
             Was an Initiate of Ru.
             Mangled by Menkaure (24 damage)
             ... on level 4 of the Dungeon.
             The game lasted 00:04:35 (3031 turns).

LeprechaunX the Changeling (Octopode Shapeshifter)  Turns: 3031, Time: 00:04:37

Health: -13/46     AC:  1    Str: 15    XL:     7   Next: 13%
Magic:  7/7        EV: 14    Int: 12    God:    Ru [......]
Gold:   219        SH:  0    Dex: 12    Spells: 6/6 levels left

rFire   . .          .
                       - Unarmed
rCold   . . .        (no shield)
rNeg    . . .        (helmet currently unavailable)
rPois   .            (no amulet)
rElec   .            m - ring of resist corrosion
rCorr   +            (no ring)
SInv    .            (no ring)
Will    .....        (no ring)
Stlth   ++           (no ring)
HPRegen 0.27/turn    (no ring)
MPRegen 0.10/turn    (no ring)
                     (no ring)

%: no passive effects
@: beast-form
A: beast (slay +2), almost no armour, amphibious, 8 rings, camouflage 1,
gelatinous body 1, (nimble swimmer 1), tentacles
a: Begin Untransformation, Renounce Religion


You were on level 4 of the Dungeon.
You worshipped Ru.
Ru was noncommittal.
You were a hulking beast.
You visited 1 branch of the dungeon, and saw 4 of its levels.

You collected 219 gold pieces.

Inventory:

Hand Weapons
 a - the +1 triple crossbow of the Ship {flame, Str-3 Int+6 Stlth+}
   (You found it on level 2 of the Dungeon)

   Str-3:     It affects your strength (-3).
   Int+6:     It affects your intelligence (+6).
   Stlth+:    It makes you more stealthy.
Armour
 l - a +0 hat
Jewellery
 k - a ring of ice
 m - a ring of resist corrosion (left tentacle)
 s - an amulet of faith
Talismans
 b - a beast talisman (active)
 c - a flux talisman
 j - a maw talisman
Wands
 o - a wand of flame (4)
Scrolls
 d - 3 scrolls of teleportation {unknown}
 e - 3 scrolls of identify {unknown}
 f - 2 scrolls of fear {unknown}
 h - 2 scrolls of vulnerability {unknown}
 n - 2 scrolls of enchant armour {unknown}
 q - a scroll of revelation {unknown}
 r - a scroll of noise {unknown}
Potions
 g - 2 potions of mutation {unknown}
 i - a potion of resistance {unknown}
 p - 2 potions of might {unknown}


   Skills:
 + Level 3.0 Fighting
 + Level 2.3 Ranged Weapons
 + Level 3.4 Dodging
 + Level 4.1 Unarmed Combat
 * Level 4.9 Shapeshifting


You had 6 spell levels left.
You didn't know any spells.
Your spell library contained the following spells:

 Spells                   Type           Power      Damage    Failure   Level
 Summon Small Mammal      Summ           0%         N/A       32%         1
 Scorch                   Fire           0%         2d5       45%         2
 Call Canine Familiar     Summ           0%         N/A       69%         3
 Ozocubu's Armour         Ice            0%         N/A       69%         3
 Summon Guardian Golem    Hex/Summ       0%         N/A       69%         3
 Tukima's Dance           Hex            0%         N/A       69%         3
 Flame Wave               Conj/Fire      0%         2d4       97%         4
 Passage of Golubria      Tloc           0%         N/A       97%         4
 Yara's Violent Unravell  Hex/Tmut       0%         3d3       100%        5
 Summon Cactus Giant      Summ           0%         N/A       100%        6
 Ozocubu's Refrigeration  Ice            0%         4d7       100%        7


Dungeon Overview and Level Annotations

Branches:
Dungeon (4/15)
 Temple: D:4-7

Altars:
Ashenzari
Ru

Shops:
D:3 :

Annotations:
D:4 Menkaure


Innate Abilities, Weirdness & Mutations

You are a hulking beast.
Your limbs bulge with bestial killing power. (Slay +2)
You cannot wear most types of armour.
You are amphibious.
You can wear up to eight rings at the same time.
Your skin changes colour to match your surroundings (Stealth+).
Your rubbery body absorbs attacks. (AC +1, EV +1)
((You are camouflaged when in or above water. (Stealth+)))
You have tentacles for arms and can constrict up to eight enemies at once.


Message History

The orc is severely wounded.
You constrict the orc.
You kill the orc!
The endoplasm completely misses you.
You bludgeon the endoplasm!
You kill the endoplasm!
No target in view!
No target in view!
You feel weaker.
You feel clever.
The +1 triple crossbow of the Ship {flame, Str-3 Int+6 Stlth+} bursts into flame!
a - the +1 triple crossbow of the Ship (weapon)
{flame, Str-3 Int+6 Stlth+} HP restored.
You now have 219 gold pieces (gained 18).
Items here: )) [ ††.
Menkaure is nearby!
Menkaure is nearby!
Menkaure is nearby!
You shoot a bolt.
Menkaure shouts!
The bolt hits Menkaure!
The bolt burns Menkaure.
Menkaure is heavily damaged.
You hear a shout! x2
Menkaure calls on the powers of darkness!
Your body is wracked with pain!
The +1 triple crossbow of the Ship {flame, Str-3 Int+6 Stlth+} stops flaming.
You are now empty-tentacled.
Menkaure mumbles some strange words.
Menkaure seems to speed up.
A goblin comes into view. It is wielding a +0 dagger.
Menkaure breathes soot at you. Menkaure misses you.
The goblin moves out of view.
You closely miss Menkaure. You grab Menkaure.
You tentacle-slap Menkaure, but do no damage.
Menkaure is heavily damaged.
You constrict Menkaure. Menkaure hits you!
* * * LOW HITPOINT WARNING * * *
Menkaure hits you!!
Ouch! That really hurt!
You die...

.. ##....#.#.## #..#
... ...#<..###.#.#
#...
).....).)####...#
####
#.....#[...##..##
#...####).....##
..............#### ..
.....#........#####..
.
...[####...##........
.... ##..##h.####..
... #....M.# ..
#...##.# #...# ..
...... ##. #...... .g
#... .. .... ...


You could see Menkaure (fast) and a goblin.

Vanquished Creatures
  Sigmund (D:2)
  A gnoll bouda (D:4)
  Natasha (thrice) (D:2)
  11 gnolls
  4 adders
  4 worms
  2 dart slugs (D:2)
  5 orcs (D:4)
  7 endoplasms
  3 giant cockroaches
  8 goblins
  3 hobgoblins
  3 jackals (D:3)
  3 quokkas
  8 ball pythons
  7 bats
  4 frilled lizards
  2 kobolds
  4 rats
83 creatures vanquished.

Notes
Turn   | Place    | Note
-------+----------+-------------------------------------------
     0 | D:1      | LeprechaunX the Octopode Shapeshifter began the quest for
                  | the Orb.
     0 | D:1      | Reached XP level 1. HP: 13/13 MP: 1/1
   131 | D:1      | Reached XP level 2. HP: 12/18 MP: 2/2
   584 | D:1      | Found a faded altar of an unknown god.
   644 | D:2      | Reached XP level 3. HP: 19/23 MP: 3/3
   678 | D:2      | Identified the +1 triple crossbow of the Ship {flame, Str-3
                  | Int+6 Stlth+}
  1061 | D:2      | Reached XP level 4. HP: 29/29 MP: 4/4
  1183 | D:2      | Noticed Natasha
  1183 | D:2      | Noticed Sigmund
  1192 | D:2      | Killed Natasha
  1193 | D:2      | Reached skill level 1 in Ranged Weapons
  1199 | D:2      | Killed Sigmund
  1200 | D:2      | Reached XP level 5. HP: 13/35 MP: 5/5
  1200 | D:2      | Reached XP level 6. HP: 16/41 MP: 6/6
  1389 | D:2      | Noticed Natasha
  1396 | D:2      | Killed Natasha
  1737 | D:2      | Noticed Natasha
  1743 | D:2      | Killed Natasha
  2045 | D:3      | Found a sacrificial altar of Ru.
  2187 | D:3      | Found Voshey's Book Emporium.
  2329 | D:3      | Found a broken altar of Ashenzari.
  2622 | D:3      | Became a worshipper of Ru the Awakened
  2755 | D:4      | Noticed Menkaure
  2836 | D:4      | Reached XP level 7. HP: 45/45 MP: 7/7
  3031 | D:4      | Mangled by Menkaure

Illustrated notes

Levels and vault maps discovered:
D:1:      enne_arrival_octagon_isle, layout_rooms,
          dreamdust_ecumenical_altar_angels_and_demons, serial_corexii_hall,
          chequers_hall_statues_corner_a, corexii_hall_statues_x
D:2:      layout_loops_cross, uniq_natasha, uniq_sigmund
D:3:      layout_loops_ring, lemuel_coloured_pillars_altar,
          nicolae_ru_path_of_blood, serial_shops, nicolae_square_shop
D:4:      layout_rooms, uniq_menkaure

Skill      XL: |  1  2  3  4  5  6  7 |
---------------+----------------------+-----
Fighting       | 2 3 |  3.0
Ranged Weapons | 1 2 |  2.3
Dodging        | 3 |  3.4
Shapeshifting  | 4 |  4.9
Unarmed Combat | 4 |  4.1

Action                     |  1- 3 |  4- 6 |  7- 9 || total
---------------------------+-------+-------+-------++-------
  Melee: Unarmed           |    41 |    22 |    17 ||    80
         Constrict         |    10 |     8 |     7 ||    25
         Tentacles         |     4 |     6 |     3 ||    13
         Punch             |       |     2 |     1 ||     3
   Fire: Triple crossbow   |    18 |    34 |     4 ||    56
    Use: Potion            |       |     1 |       ||     1
   Stab: Sleeping          |     8 |       |       ||     8
 Armour: Skin              |    17 |    13 |    10 ||    40
  Dodge: Dodged            |    15 |     9 |    14 ||    38

Table legend: (Time is in decaauts)
 A = Elapsed time spent in this place.
 B = Non-inter-level travel time spent in this place.
 C = Inter-level travel time spent in this place.
 D = Time resting spent in this place.
 E = Time spent auto-exploring this place.
 F = Levels seen in this place.
 G = Mean time per level.
                   A        B        C        D        E       F      G
               +--------+--------+--------+--------+--------+-----+--------+
         Total |   3093 |   2662 |    431 |    254 |   1928 |   4 |  773.2 |
       Dungeon |   3093 |   2662 |    431 |    254 |   1928 |   4 |  773.2 |
               +--------+--------+--------+--------+--------+-----+--------+

Top non-repeatable levels by time:
     D:2: 1177 daAuts
     D:3: 1005 daAuts
     D:1: 634 daAuts
     D:4: 277 daAuts
